 Dungeon Crawl Stone Soup version 0.29-a0-364-g921d912d32 (webtiles) character file.

Game seed: 16226250002160516254

8 ptdevnull the Bolt Thrower (level 2, 0/16 HPs)
             Began as a Kobold Arcane Marksman on May 1, 2022.
             Constricted to death by a ball python (1 damage)
             ... on level 1 of the Dungeon.
             The game lasted 00:01:19 (143 turns).

ptdevnull the Bolt Thrower (Kobold Arcane Marksman)  Turns: 143, Time: 00:01:19

Health: 0/16       AC:  3    Str:  7    XL:     2   Next: 15%
Magic:  1/4        EV: 12    Int: 14    God:
Gold:   12         SH:  0    Dex: 15    Spells: 2/3 levels left

rFire   . . .      SeeInvis .   a - +0 hand crossbow
rCold   . . .      Faith    .   (no shield)
rNeg    . . .      Spirit   .   b - +1 robe
rPois   .          Reflect  .   (no helmet)
rElec   .          Harm     .   (no cloak)
rCorr   .          Rampage  .   (no gloves)
Will    .....                   (no boots)
Stlth   ++........              (no amulet)
HPRegen 0.05/turn               (no ring)
MPRegen 0.09/turn               (no ring)

@: constricted
A: small, no large weapons, nightstalker 3
a: no special abilities


You were on level 1 of the Dungeon.
You visited 1 branch of the dungeon, and saw 1 of its levels.

You collected 12 gold pieces.

Inventory:

Hand Weapons
 a - a +0 hand crossbow (weapon)
Armour
 b - a +1 robe (worn)
Scrolls
 c - a scroll of vulnerability
 e - a scroll of enchant weapon {unknown}


   Skills:
 - Level 1.1 Fighting
 * Level 3.3 Crossbows
 - Level 2.4 Dodging
 + Level 1.3 Spellcasting
 + Level 3.1 Hexes


You had 2 spell levels left.
You knew the following spells:

 Your Spells              Type           Power      Damage    Failure   Level
a - Slow                  Hex            36%        N/A       7%          1

Your spell library contained the following spells:

 Spells                   Type           Power      Damage    Failure   Level
 Inner Flame              Hex/Fire       5%         N/A       38%         3
 Portal Projectile        Hex/Tloc       10%        N/A       38%         3
 Cause Fear               Hex            4%         N/A       56%         4


Dungeon Overview and Level Annotations

Branches:
Dungeon (1/15)

Altars:


Innate Abilities, Weirdness & Mutations

You are small and have problems with some larger weapons.
You are completely attuned to the shadows.


Message History

Aiming: Slow (safe; 7% risk of failure)
Press: ? - help, Q - select action, (/) - cycle Shift-Dir - straight line, f/p - giant cockroach
Aim: a giant cockroach (slow, chance to affect: 64%)
Okay, then.
Shoot: a) +0 hand crossbow
Press: ? - help, Q - select action, (/) - cycle Shift-Dir - straight line, f/p - giant cockroach
Aim: a giant cockroach (slow, 60% to hit)
You shoot a bolt. The bolt hits the giant cockroach.
The giant cockroach is almost dead.
The giant cockroach barely misses you.
Shoot: a) +0 hand crossbow
Press: ? - help, Q - select action, (/) - cycle Shift-Dir - straight line, f/p - giant cockroach
Aim: a giant cockroach (almost dead, slow, 60% to hit)
You shoot a bolt.
The bolt hits the giant cockroach but does no damage.
The giant cockroach is almost dead.
The giant cockroach closely misses you.
You are too injured to fight recklessly!
Shoot: a) +0 hand crossbow
Press: ? - help, Shift-Dir - straight line, f/p - giant cockroach
Aim: a giant cockroach (almost dead, slow, 60% to hit)
You shoot a bolt.
The bolt hits the giant cockroach but does no damage.
The giant cockroach is almost dead.
The giant cockroach bites you but does no damage.
The giant cockroach bites you.
* * * LOW HITPOINT WARNING * * *
Shoot: a) +0 hand crossbow
Press: ? - help, Shift-Dir - straight line, f/p - giant cockroach
Aim: a giant cockroach (almost dead, slow, 60% to hit)
You shoot a bolt. The bolt hits the giant cockroach.
You kill the giant cockroach!
The ball python closely misses you. x2
Unknown command.
You aren't carrying any potions.
As you read the scroll labelled DUICAU SA UNO, it crumbles to dust.
It is a scroll of enchant armour.
Your +0 robe glows green for a moment.
The ball python barely misses you. The ball python grabs you.
The ball python constricts you.
You die...

#.#.. #.#.. #.#.. #....
##.# #...# .. ..## #..#.
..#+#+##..# #..#.
.......#..# .... #..#.
......KS@.##.... #..#.
.......##..#........#.#..
.#.#.#####.#........#.#..
.....## #..# #....##.#.#
#.#.#.# ##.###.(..##.#.#
.....K## #..##....##..#.
.#.#.#.# ##.##.#'###....
......## #.##.#.###...#
.#.#.#.# #.>#.#...#...#


You could see a ball python and a kobold.

Vanquished Creatures
  2 bats (D:1)
  An endoplasm (D:1)
  A giant cockroach (D:1)
  A goblin (D:1)
  A hobgoblin (D:1)
  A rat (D:1)
7 creatures vanquished.

Notes
Turn   | Place    | Note
-------+----------+-------------------------------------------
     0 | D:1      | ptdevnull the Kobold Arcane Marksman began the quest for
                  | the Orb.
     0 | D:1      | Reached XP level 1. HP: 12/12 MP: 2/2
   123 | D:1      | Reached XP level 2. HP: 6/16 MP: 3/3
   143 | D:1      | Constricted to death by a ball python

Illustrated notes

Levels and vault maps discovered:
D:1:      ebering_trefoil_3fold, layout_basic, hex_medium, minmay_domino_4

Skill      XL: |  1 |
---------------+----+-----
Crossbows      | 3 |  3.3
Fighting       | |  1.1
Dodging        | |  2.4
Spellcasting   | |  1.3
Hexes          | |  3.1

Action                   || total
-------------------------++-------
 Fire: Hand crossbow     ||    16
 Cast: Slow              ||     2
  Use: Scroll            ||     1
Armor: Robe              ||     2
Dodge: Dodged            ||    17

Table legend: (Time is in decaauts)
 A = Elapsed time spent in this place.
 B = Non-inter-level travel time spent in this place.
 C = Inter-level travel time spent in this place.
 D = Time resting spent in this place.
 E = Time spent auto-exploring this place.
 F = Levels seen in this place.
 G = Mean time per level.
                   A        B        C        D        E       F      G
               +--------+--------+--------+--------+--------+-----+--------+
         Total |    148 |    148 |      0 |      0 |    101 |   1 |  148.0 |
       Dungeon |    148 |    148 |      0 |      0 |    101 |   1 |  148.0 |
               +--------+--------+--------+--------+--------+-----+--------+

Top non-repeatable levels by time:
     D:1: 148 daAuts
